 Dungeon Crawl Stone Soup version 0.23.1 (webtiles) character file.

Game seed: 3718710420311047403

126 Kairos the Chopper (level 5, 0/25 HPs)
             Began as a Vine Stalker Fighter on Mar 6, 2019.
             Was an Initiate of Okawaru.
             Slain by an orc
             ... wielding a +0 short sword
              (2 damage)
             ... on level 3 of the Dungeon.
             The game lasted 00:02:05 (1821 turns).

Kairos the Chopper (Vine Stalker Fighter)           Turns: 1821, Time: 00:02:07

Health: 0/25       AC:  9    Str: 19    XL:     5   Next: 9%
Magic:  0/6        EV:  5    Int: 10    God:    Okawaru [......]
Gold:   107        SH:  9    Dex: 12    Spells: 4/4 levels left

rFire    . . .     SeeInvis .   a - +2 war axe
rCold    . . .     Gourm    .   c - +0 shield
rNeg     . . .     Faith    .   i - +0 chain mail
rPois    .         Spirit   +   (helmet restricted)
rElec    .         Reflect  .   (no cloak)
rCorr    .         Harm     .   (no gloves)
MR       .....                  (no boots)
Stlth    ..........             (no amulet)
HPRegen  0.48/turn              k - ring of attention (curse)
MPRegen  0.10/turn              (no ring)

@: no status effects
A: fangs 2, horns 1, clever 1, clumsy 1, frail 1, regeneration 1, magic shield,
antimagic bite, no potion heal 3, rot immunity
a: Renounce Religion


You were on level 3 of the Dungeon.
You worshipped Okawaru.
Okawaru was noncommittal.
You were not hungry.

You visited 1 branch of the dungeon, and saw 3 of its levels.

You collected 107 gold pieces.

Inventory:

Hand Weapons
 a - a +2 war axe (weapon)
Missiles
 j - a throwing net (quivered)
Armour
 b - a +0 scale mail
 c - a +0 shield (worn)
 i - a +0 chain mail (worn)
Jewellery
 k - a cursed ring of attention (left hand)
Scrolls
 e - a scroll of amnesia
 h - a scroll of immolation {unknown}
 l - a scroll of magic mapping
 m - a scroll of identify
Potions
 d - a potion of might
 g - a potion of heal wounds
Comestibles
 f - 7 rations


   Skills:
 + Level 3.0 Fighting
 + Level 3.3 Axes
 + Level 3.0 Armour
 + Level 1.0 Dodging
 + Level 0.1 Stealth
 + Level 3.1 Shields


You had 4 spell levels left.
You didn't know any spells.
Your spell library was empty.

Dungeon Overview and Level Annotations

Branches:
Dungeon (3/15)

Altars:
Okawaru
Qazlal
Sif Muna


Innate Abilities, Weirdness & Mutations

You have extremely sharp teeth.
Your natural rate of healing is unusually fast.
When hurt, damage is shared between your health and your magic reserves.
Your bite disrupts and absorbs the magic of your enemies.
Potions cannot restore your health.
You are immune to rotting.
You have a pair of small horns on your head.
Your mind is acute. (Int +2)
You are clumsy. (Dex -2)
You are frail. (-10% HP)


Message History

Unknown command.
You are too injured to fight recklessly!
You closely miss the orc. The orc hits you with a +0 short sword.
The orc wizard casts a spell.
The orc wizard seems to speed up.
The orc priest mumbles some strange prayers to Beogh against you.
Beogh smites you!
* * * LOW HITPOINT WARNING * * *
The orc hits you but does no damage. The orc priest hits you with a +0 whip.
You closely miss the orc priest. Your bite misses the orc priest.
You closely miss the orc. The orc barely misses you.
The orc priest barely misses you. The orc hits you but does no damage.
The orc wizard hits you but does no damage.
You slash the orc priest! Your bite misses the orc priest.
The orc priest is severely wounded.
You barely miss the orc. You hit the orc wizard.
You block the orc wizard's attack. The orc priest hits you with a +0 whip.
* * * LOW HITPOINT WARNING * * *
The orc hits you with a +0 short sword.
You die...

#......... ...
....<....
......#### #.#
########.
#.....#### #..
#........# ###
########.# #.#
#.###############
#.......)oo......
#.#...#..@#...#.
#.........o......
###...#...#...#..
#...............
################


You could see an orc priest, an orc wizard and an orc.

Vanquished Creatures
  3 gnolls (D:2)
  4 adders
  An ooze (D:2)
  A leopard gecko (D:1)
  7 orcs (D:3)
  4 giant cockroaches
  4 goblins
  5 hobgoblins
  A jackal (D:3)
  A quokka (D:2)
  5 bats
  3 frilled lizards
  5 kobolds
  8 rats
52 creatures vanquished.

Notes
Turn   | Place    | Note
-------+----------+-------------------------------------------
     0 | D:1      | Kairos the Vine Stalker Fighter began the quest for the
                  | Orb.
     0 | D:1      | Reached XP level 1. HP: 11/11 MP: 2/2
   108 | D:1      | Reached XP level 2. HP: 8/16 MP: 1/3
   893 | D:1      | Gained mutation: You have a pair of small horns on your
                  | head. [potion of mutation]
   893 | D:1      | Gained mutation: You are clumsy. (Dex -2) [potion of
                  | mutation]
   893 | D:1      | Gained mutation: You are frail. (-10% HP) [potion of
                  | mutation]
   893 | D:1      | Gained mutation: Your mind is acute. (Int +2) [potion of
                  | mutation]
   960 | D:2      | Found an iron altar of Okawaru.
   966 | D:2      | Reached XP level 3. HP: 16/17 MP: 2/4
   969 | D:2      | Became a worshipper of Warmaster Okawaru
  1074 | D:2      | Gained mutation: Your natural rate of healing is unusually
                  | fast. [Vine Stalker growth]
  1074 | D:2      | Reached XP level 4. HP: 14/20 MP: 3/5
  1311 | D:2      | Found a stormy altar of Qazlal.
  1547 | D:3      | Reached skill level 1 in Dodging
  1604 | D:3      | Reached XP level 5. HP: 25/25 MP: 6/6
  1762 | D:3      | Found a deep blue altar of Sif Muna.
  1818 | D:3      | HP: 1/25 [orc priest/divine providence (11)]
  1821 | D:3      | Slain by an orc

Skill      XL: |  1  2  3  4 |
---------------+-------------+-----
Axes           | 2 3 |  3.3
Shields        | 3 |  3.1
Fighting       | 3 |  3.0
Dodging        | 1 |  1.0
Armour         | 3 |  3.0
Stealth        | |  0.1

Action                   |  1- 3 |  4- 6 || total
-------------------------+-------+-------++-------
Melee: War axe           |    67 |    65 ||   132
       Bite              |    19 |    12 ||    31
       Headbutt          |     6 |     4 ||    10
  Use: Scroll            |     3 |     4 ||     7
       Potion            |     1 |       ||     1
  Eat: Chunk             |       |     3 ||     3
Armor: Scale mail        |    38 |     8 ||    46
       Chain mail        |       |    31 ||    31
Dodge: Dodged            |    26 |    20 ||    46
Block: Shield            |    48 |    42 ||    90
